 Dungeon Crawl Stone Soup version 0.30-a0-1114-gd936c97349 (webtiles) character file.

Game seed: 12117979725749438132

13694 NinjaNoafa the Thaumaturge (level 11, -10/97 HPs)
             Began as a White Draconian Conjurer on Apr 20, 2023.
             Was a Follower of Vehumet.
             Killed by an exploding fulminant prism (25 damage)
             ... on level 2 of the Lair of Beasts.
             The game lasted 00:24:43 (10819 turns).

NinjaNoafa the Thaumaturge (DrCj)                  Turns: 10819, Time: 00:24:44

Health: -10/97     AC: 11    Str: 10    XL:     11   Next: 78%
Magic:  3/25       EV: 13    Int: 25    God:    Vehumet [*.....]
Gold:   619        SH:  0    Dex:  9    Spells: 16/30 levels left

rFire   + . .      SeeInvis .    a - +9 trident of Tonwyn {speed, rElec Will+ Stlth+}
rCold   + . .      Faith    .    G - orb {light}
rNeg    . . .      Spirit   .    (body armour unavailable)
rPois   +          Reflect  .    C - +2 hat
rElec   +          Rampage  .    z - +0 cloak
rCorr   .                        (no gloves)
Will    +....                    t - +0 pair of boots
Stlth   +                        p - amulet "Lifuh" {rF+ Regen+ Int+2}
HPRegen 1.16/turn                P - ring of poison resistance
MPRegen 0.19/turn                J - ring of wizardry

@: short of breath, glowing
A: breathe frost, AC +7, unfitting armour, cold resistance 1, cold-blooded
a: Breathe Frost, Renounce Religion


You were on level 2 of the Lair of Beasts.
You worshipped Vehumet.
Vehumet was aware of your devotion.
You visited 3 branches of the dungeon, and saw 14 of its levels.

You collected 715 gold pieces.
You spent 96 gold pieces at shops.

Inventory:

Hand Weapons
 a - the +9 trident of Tonwyn (weapon) {speed, rElec Will+ Stlth+}
   (You found it on level 10 of the Dungeon)

   rElec:     It insulates you from electricity.
   Will:      It increases your willpower.
   Stlth:     It makes you more stealthy.
 b - a +4 dagger of venom
Missiles
 f - 7 curare-tipped darts
 q - 9 atropa-tipped darts
 v - 9 boomerangs
 E - 6 silver javelins
 F - 69 poisoned darts
Armour
 t - a +0 pair of boots (worn)
 z - a +0 cloak (worn)
 C - a +2 hat (worn)
 G - an orb of light (worn)
Jewellery
 d - a ring of ice
 p - the amulet "Lifuh" (around neck) {rF+ Regen+ Int+2}
   (You found it on level 3 of the Dungeon)

   [amulet of regeneration]

   Int:       It affects your intelligence (+2).
   rF:        It protects you from fire.
   Regen:     It increases your rate of health regeneration.
 s - a ring of flight
 J - a ring of wizardry (right hand)
 K - a ring of see invisible
 P - a ring of poison resistance (left hand)
Wands
 w - a wand of quicksilver (5)
 A - a wand of charming (3)
 B - a wand of iceblast (8)
 D - a wand of polymorph (11)
 I - a wand of flame (10)
Scrolls
 g - 4 scrolls of fog
 j - 5 scrolls of teleportation
 k - 5 scrolls of blinking
 o - 2 scrolls of poison
 u - a scroll of amnesia {unknown}
 y - 3 scrolls of immolation {unknown}
 H - a scroll of fear {unknown}
 O - a scroll of enchant armour {unknown}
Potions
 c - 3 potions of magic
 e - a potion of cancellation
 h - a potion of berserk rage
 i - 3 potions of brilliance
 l - 4 potions of curing {unknown}
 m - 2 potions of invisibility
 n - 2 potions of lignification
 r - 2 potions of might
 x - 5 potions of attraction
 L - a potion of haste
Miscellaneous
 M - a phantom mirror


   Skills:
 - Level 9.0 Fighting
 - Level 7.1 Dodging
 - Level 1.7 Stealth
 - Level 10.0 Spellcasting
 - Level 7.0 Conjurations
 + Level 3.4 Hexes
 - Level 7.0 Translocations
 - Level 6.0 Evocations


You had 16 spell levels left.
You knew the following spells:

 Your Spells              Type           Power      Damage    Failure   Level
a - Magic Dart            Conj           100%       1d8       1%          1
b - Searing Ray           Conj           94%        2d7       1%          2
c - Iskenderun's Mystic   Conj/Tloc      47%        2d10      1%          4
d - Dazzling Flash        Conj/Hex       76%        N/A       1%          3
e - Fulminant Prism       Conj/Hex       19%        3d10      2%          4

Your spell library contained the following spells:

 Spells                   Type           Power      Damage    Failure   Level
 Sandblast                Erth           24%        2d8       1%          1
 Apportation              Tloc           94%        N/A       1%          1
 Beastly Appendage        Tmut           24%        N/A       1%          1
 Necrotise                Necr           48%        1d6       1%          1
 Summon Small Mammal      Summ           48%        N/A       1%          1
 Mephitic Cloud           Conj/Pois/Air  24%        N/A       2%          3
 Cigotuvi's Dreadful Rot  Necr/Pois/Air  24%        N/A       3%          2
 Poisonous Vapours        Pois/Air       24%        N/A       3%          2
 Wereblood                Tmut           12%        N/A       3%          2
 Spider Form              Tmut/Pois      12%        N/A       6%          3
 Anguish                  Hex/Necr       10%        N/A       10%         4
 Leda's Liquefaction      Hex/Erth       10%        N/A       10%         4
 Animate Dead             Necr           12%        N/A       19%         4
 Dispel Undead            Necr           12%        3d9       19%         4
 Freezing Cloud           Conj/Ice/Air   12%        6-21      21%         5
 Alistair's Intoxication  Tmut/Pois      8%         N/A       45%         5
 Borgnjor's Vile Clutch   Necr/Erth      6%         N/A       45%         5
 Lee's Rapid Deconstruct  Erth           6%         3d6*      45%         5
 Death Channel            Necr           6%         N/A       95%         6
 Statue Form              Tmut/Erth      8%         N/A       95%         6


Dungeon Overview and Level Annotations

Branches:
Dungeon (11/15)            Temple (1/1) D:6            Lair (2/5) D:8
    Orc (0/2) D:10
  Swamp: Lair:2-3    Shoals: Lair:2-3     Snake: Lair:2-3    Spider: Lair:2-3

Altars:
Ashenzari
Cheibriados
Dithmenos
Elyvilon
Fedhas
Gozag
Hepliaklqana
Kikubaaqudgha
Makhleb
Nemelex Xobeh
Okawaru
Qazlal
Ru
Sif Muna
Trog
Uskayaw
Vehumet
Wu Jian
Xom
Yredelemnul
Zin
The Shining One

Shops:
D:1 !   D:4 (

Annotations:
D:3 1 runed translucent door, Crazy Yiuf


Innate Abilities, Weirdness & Mutations

You can breathe waves of freezing cold which knock back foes.
Your icy white scales are hard. (AC +7)
You cannot fit into any form of body armour.
Your flesh is cold resistant. (rC+)
You are cold-blooded and may be slowed by cold attacks.


Message History

Press: ? - help, Dir - move target You conjure a prism of explosive energy!
The water moccasin hisses angrily.
A fulminant prism comes into view.
The eight-headed hydra bites you but does no damage.
The eight-headed hydra closely misses you.
The eight-headed hydra bites you. The eight-headed hydra bites you! x2
The eight-headed hydra bites you but does no damage.
The eight-headed hydra bites you. x2
Found a potion of lignification.
The eight-headed hydra bites you!
* * * LOW HITPOINT WARNING * * *
The eight-headed hydra closely misses you.
The eight-headed hydra bites you!
* * * LOW HITPOINT WARNING * * *
The eight-headed hydra bites you!
* * * LOW HITPOINT WARNING * * *
The eight-headed hydra bites you.
* * * LOW HITPOINT WARNING * * *
The eight-headed hydra bites you.
* * * LOW HITPOINT WARNING * * *
The eight-headed hydra completely misses you.
The eight-headed hydra bites you!
* * * LOW HITPOINT WARNING * * *
A cane toad comes into view.
Your fulminant prism crackles loudly.
You feel much better. The eight-headed hydra bites you!
* * * LOW HITPOINT WARNING * * *
The eight-headed hydra barely misses you.
The eight-headed hydra bites you but does no damage.
The eight-headed hydra barely misses you. x2
The eight-headed hydra bites you.
* * * LOW HITPOINT WARNING * * *
The eight-headed hydra barely misses you.
The eight-headed hydra bites you!
* * * LOW HITPOINT WARNING * * *
Your fulminant prism explodes!
The blast of energy engulfs the eight-headed hydra!!
The eight-headed hydra is severely wounded.
The blast of energy engulfs you!!
You die...

#...## .
#...## ..
##...#### #...
#.††..#.#....#
#.....>.......
#........?....
#...#.#P.#....
#.D.###### ...
#@..# #.S..##
#...### P...:
#.....# .....#
.F..# ..!.


You could see an eight-headed hydra, a cane toad and a water moccasin.

Vanquished Creatures
  2 two-headed ogres (D:9)
  Sonja (D:10)
  An obsidian statue (Lair:1)
  A black mamba (Lair:1)
  4 cane toads (Lair:1)
  An efreet (D:9)
  A komodo dragon (Lair:2)
  A troll (D:6)
  Prince Ribbit (D:7)
  4 blink frogs (Lair:2)
  2 shadows
  2 wraiths
  A wyvern (D:9)
  16 yaks
  A steam dragon (D:8)
  Eustachio (D:4)
  2 basilisks (Lair:1)
  8 water moccasins
  A black bear (D:8)
  Pargi (D:3)
  2 orc warriors
  2 ice beasts
  6 wolves (Lair:1)
  An ogre (D:5)
  A centaur (D:7)
  5 kobold brigands
  5 bullfrogs
  3 gnoll sergeants
  A scorpion (D:6)
  4 wights (D:6)
  7 killer bees
  7 electric eels
  3 howler monkeys
  A wyvern simulacrum (D:8)
  7 orc priests
  2 jellies
  A gnoll bouda (D:9)
  2 hounds (D:6)
  A sleepcap (D:7)
  Jessica (D:3)
  6 iguanas
  7 orc wizards
  12 gnolls
  6 adders
  3 white imps
  A howler monkey simulacrum (D:8)
  5 dart slugs
  2 worms
  23 orcs
  8 ball pythons
  7 endoplasms
  A giant cockroach (D:1)
  7 goblins
  7 hobgoblins
  24 kobolds
  3 quokkas
  9 bats
  2 frilled lizards (D:2)
  6 rats
253 creatures vanquished.

Vanquished Creatures (others)
  An orc (D:8)
  15 fulminant prisms
  A fungus (Lair:1)
  30 plants
47 creatures vanquished.

Grand Total: 300 creatures vanquished

Notes
Turn   | Place    | Note
-------+----------+-------------------------------------------
     0 | D:1      | NinjaNoafa the Draconian Conjurer began the quest for the
                  | Orb.
     0 | D:1      | Reached XP level 1. HP: 14/14 MP: 3/3
    29 | D:1      | Found a faded altar of an unknown god.
   182 | D:1      | Reached XP level 2. HP: 6/20 MP: 0/5
   191 | D:1      | Learned a level 2 spell: Searing Ray
   599 | D:1      | Found Isurud's Distillery.
   603 | D:1      | Bought a potion of degeneration for 12 gold pieces
   603 | D:1      | Bought a potion of brilliance for 48 gold pieces
   686 | D:2      | Reached XP level 3. HP: 26/26 MP: 1/7
   912 | D:2      | Reached skill level 5 in Conjurations
   944 | D:2      | Reached skill level 3 in Spellcasting
   998 | D:2      | Reached XP level 4. HP: 33/33 MP: 8/8
  1175 | D:3      | Noticed Jessica
  1203 | D:3      | Killed Jessica
  1214 | D:3      | Identified the amulet "Lifuh" {rF+ Regen+ Int+2}
  1378 | D:3      | Noticed Pargi
  1399 | D:3      | Killed Pargi
  1400 | D:3      | Reached skill level 4 in Spellcasting
  1400 | D:3      | Reached XP level 5. HP: 27/38 MP: 2/12
  1462 | D:3      | Found a runed translucent door.
  1463 | D:3      | Noticed Crazy Yiuf
  1894 | D:4      | Found a basalt altar of Yredelemnul.
  1938 | D:4      | Found Baomiv's Antique Weapon Shoppe.
  1979 | D:4      | Found a glowing silver altar of Zin.
  1979 | D:4      | Found a white marble altar of Elyvilon.
  1981 | D:4      | Found a glowing golden altar of the Shining One.
  2047 | D:4      | Reached skill level 5 in Spellcasting
  2053 | D:4      | Noticed Eustachio
  2084 | D:4      | Killed Eustachio
  2085 | D:4      | Reached XP level 6. HP: 11/45 MP: 1/14
  2325 | D:5      | Entered Level 5 of the Dungeon
  2325 | D:5      | Found a burning altar of Makhleb.
  2410 | D:5      | Reached skill level 6 in Spellcasting
  2799 | D:5      | Your scales start taking on an icy white colour.
  2799 | D:5      | Reached XP level 7. HP: 50/50 MP: 11/16
  2799 | D:5      | Gained mutation: Your flesh is cold resistant. (rC+) [White
                  | Draconian growth]
  2859 | D:5      | Found an ancient bone altar of Kikubaaqudgha.
  2881 | D:5      | Found a sacrificial altar of Ru.
  3538 | D:6      | Reached skill level 7 in Spellcasting
  3691 | D:6      | Found a staircase to the Ecumenical Temple.
  3734 | Temple   | Entered the Ecumenical Temple
  3837 | D:6      | Reached skill level 8 in Spellcasting
  3984 | D:6      | Reached skill level 1 in Translocations
  4078 | D:6      | Reached XP level 8. HP: 57/57 MP: 20/20
  4222 | D:6      | Noticed a troll
  4232 | D:6      | Killed a troll
  4255 | D:6      | Found a snail-covered altar of Cheibriados.
  4275 | D:6      | Reached skill level 5 in Translocations
  4292 | D:6      | Reached XP level 9. HP: 24/62 MP: 6/21
  4332 | D:6      | Learned a level 4 spell: Iskenderun's Mystic Blast
  4954 | D:7      | Noticed Prince Ribbit
  4966 | D:7      | Killed Prince Ribbit
  5018 | D:7      | Found a shimmering blue altar of Sif Muna.
  5235 | D:7      | Found an iron altar of Okawaru.
  5237 | D:7      | Found a hazy altar of Hepliaklqana.
  5245 | D:7      | Reached skill level 9 in Spellcasting
  5344 | D:7      | Found an opulent altar of Gozag.
  5713 | D:8      | Reached skill level 10 in Spellcasting
  5747 | D:8      | Reached skill level 1 in Fighting
  5751 | D:8      | Reached skill level 1 in Evocations
  5752 | D:8      | HP: 2/64 [orc priest/nerve-wracking pain (10)]
  5851 | D:8      | Found a sparkling altar of Nemelex Xobeh.
  5886 | D:8      | Found a stormy altar of Qazlal.
  5900 | D:8      | Found a staircase to the Lair.
  5923 | D:8      | Reached XP level 10. HP: 73/73 MP: 20/24
  6153 | D:8      | Found a hide-covered altar of Uskayaw.
  6412 | D:9      | Noticed a two-headed ogre
  6412 | D:9      | Noticed a two-headed ogre
  6419 | D:9      | Killed a two-headed ogre
  6425 | D:9      | Killed a two-headed ogre
  6487 | D:9      | Found a broken altar of Ashenzari.
  6765 | D:9      | Found a bloodstained altar of Trog.
  6840 | D:9      | Found a shadowy altar of Dithmenos.
  6867 | D:9      | Found a radiant altar of Vehumet.
  6885 | D:9      | Became a worshipper of Vehumet
  6932 | D:9      | Reached skill level 5 in Fighting
  6936 | D:9      | Found a hide-covered altar of Uskayaw.
  6939 | D:9      | Found a snail-covered altar of Cheibriados.
  6939 | D:9      | Found a glowing golden altar of the Shining One.
  6941 | D:9      | Found a white marble altar of Elyvilon.
  6941 | D:9      | Found an ornate altar of the Wu Jian Council.
  6941 | D:9      | Found a shimmering altar of Xom.
  7159 | D:9      | Reached skill level 5 in Dodging
  7852 | D:9      | Learned a level 3 spell: Dazzling Flash
  7902 | D:10     | Entered Level 10 of the Dungeon
  8068 | D:10     | Reached * piety under Vehumet
  8068 | D:10     | Offered knowledge of Kiss of Death by Vehumet.
  8216 | D:10     | Identified the +9 trident of Tonwyn {speed, rElec Will+
                  | Stlth+}
  8276 | D:10     | Found a blossoming altar of Fedhas.
  8338 | D:10     | Noticed Sonja
  8360 | D:10     | Killed Sonja
  8471 | D:9      | Reached XP level 11. HP: 91/91 MP: 25/25
  8561 | D:10     | Found a staircase to the Orcish Mines.
  8785 | D:10     | Found an ornate altar of the Wu Jian Council.
  9153 | Lair:1   | Entered Level 1 of the Lair of Beasts
  9229 | Lair:1   | Reached skill level 5 in Evocations
  9678 | Lair:1   | Learned a level 4 spell: Fulminant Prism
  9885 | Lair:1   | Got the Secrets of Abominable Deeds and Frostbite
 10335 | D:1      | Bought a potion of flight for 36 gold pieces
 10510 | Lair:1   | Noticed an obsidian statue
 10522 | Lair:1   | Noticed a soul eater
 10526 | Lair:1   | Identified the +6 great sword "Tiesh" {heavy, rF+ SInv}
 10535 | Lair:1   | Killed an obsidian statue
 10536 | Lair:1   | Reached skill level 1 in Hexes
 10644 | Lair:1   | Got the Codex of Dung
 10805 | Lair:2   | Offered knowledge of Sandblast by Vehumet.
 10807 | Lair:2   | Noticed an eight-headed hydra
 10819 | Lair:2   | Killed by an exploding fulminant prism

Illustrated notes

Levels and vault maps discovered:
D:1:      minmay_arrival_wavy_path, layout_basic, serial_shops, shop,
          dreamdust_ecumenical_altar_grove
D:2:      kennysheep_six_static_rooms, layout_rooms, nrook_campfire
D:3:      layout_basic, grunt_ministairs_7, uniq_pargi, uniq_crazy_yiuf_cottage,
          uniq_jessica
D:4:      layout_cave_pools, dreamdust_divine_triumvirate,
          yredelemnul_altar_generic, serial_shops, shop,
          corexii_mini_fake_secret_closet, uniq_eustachio
D:5:      layout_cave_pods, mainiacjoe_overflow_paths,
          mainiacjoe_overflow_24_doors, bloody_makhleb, lightli_minifort
D:6:      layout_layer_cave, mainiacjoe_overflow_cross_hatched,
          minmay_temple_entry_glass, minmay_misc_feat_cross
D:7:      layout_loops_ring, kennysheep_mini, grunt_gozag_statues,
          grunt_temple_overflow_open, uniq_prince_ribbit1
D:8:      layout_cave_pools, kennysheep_little_box, overflow_temple_1_default,
          eat_drink_and_be_merry_uskayaw, lair_entry_dummy, serial_ice,
          serial_ice_e, serial_ice_k, serial_ice_m, serial_ice_d,
          palyth_stone_intersect
D:9:      cheibrodos_two_vegetables, layout_loops_ring, trog_butcher_becter,
          nicolae_vehumet_radiance, mainiacjoe_overflow_chevrons,
          doesnt_xom_only_xom, mainiacjoe_overflow_six_doors_small,
          grunt_ministairs_15, minmay_fractal_squares_gapless_5
D:10:     layout_irregular_city, lemuel_coloured_pillars_altar,
          overflow_temple_1_default, orc_0_dummy, uniq_sonja
D:11:     cheibrodos_magma_flow, layout_irregular_city,
          minmay_misc_feat_columns, nicolae_straight_to_the_point
Temple:   ebering_the_none_and_only
Lair:1:   statuecave_lemuel, layout_gridlike, lemuel_fruit_tree
Lair:2:   layout_concentric_octagons, st_stairs_10, serial_bayou_shore_a,
          grunt_megastairs_3, uniq_amaemon

Skill      XL: |  1  2  3  4  5  6  7  8  9 10 11 |
---------------+----------------------------------+-----
Conjurations   | 5 7 |  7.0
Spellcasting   | 3 4 5 6 8 10 | 10.0
Translocations | 1 6 7 |  7.0
Dodging        | 2 5 7 |  7.1
Fighting       | 2 6 9 |  9.0
Evocations     | 1 4 6 |  6.0
Hexes          | 3 |  3.4
Stealth        | |  1.7

Action                     |  1- 3 |  4- 6 |  7- 9 | 10-12 || total
---------------------------+-------+-------+-------+-------++-------
  Melee: Dagger            |    41 |    89 |    61 |    20 ||   211
         Short sword       |    33 |       |       |       ||    33
         Tailslap          |     3 |    13 |     4 |    13 ||    33
         Punch             |     1 |       |     1 |       ||     2
         Unarmed           |       |     6 |       |       ||     6
         Trident           |       |       |       |    28 ||    28
   Cast: Magic Dart        |    35 |     6 |       |       ||    41
         Searing Ray       |     8 |    14 |    38 |    48 ||   108
         Iskenderun's Myst |       |       |     9 |    28 ||    37
         Dazzling Flash    |       |       |       |     7 ||     7
         Fulminant Prism   |       |       |       |    15 ||    15
Ability: Breathe Frost     |       |       |    20 |    23 ||    43
  Evoke: Wand              |       |       |       |     9 ||     9
    Use: Potion            |       |     2 |     1 |     3 ||     6
         Scroll            |       |     6 |     7 |     4 ||    17
   Stab: Sleeping          |       |     1 |       |       ||     1
 Armour: Skin              |    64 |    64 |    79 |    76 ||   283
  Dodge: Dodged            |    91 |    82 |   114 |   161 ||   448

Table legend: (Time is in decaauts)
 A = Elapsed time spent in this place.
 B = Non-inter-level travel time spent in this place.
 C = Inter-level travel time spent in this place.
 D = Time resting spent in this place.
 E = Time spent auto-exploring this place.
 F = Levels seen in this place.
 G = Mean time per level.
                   A        B        C        D        E       F      G
               +--------+--------+--------+--------+--------+-----+--------+
         Total |  10947 |   9344 |   1603 |    923 |   6333 |  14 |  781.9 |
       Dungeon |   9532 |   8119 |   1413 |    543 |   5772 |  11 |  866.5 |
        Temple |      3 |      1 |      2 |      0 |      0 |   1 |    3.0 |
          Lair |   1411 |   1224 |    187 |    380 |    561 |   2 |  705.5 |
               +--------+--------+--------+--------+--------+-----+--------+

Top non-repeatable levels by time:
     D:9: 1921 daAuts
     D:6: 1383 daAuts
  Lair:1: 1361 daAuts
     D:5: 1133 daAuts
     D:8: 831 daAuts
    D:10: 822 daAuts
     D:7: 782 daAuts
     D:3: 756 daAuts
     D:1: 686 daAuts
     D:4: 673 daAuts
     D:2: 540 daAuts
  Lair:2: 49 daAuts
  Temple: 3 daAuts
    D:11: 1 daAuts
